Map: Triton LE

Players

Ratl - Winner!

  • Race: Terran Terran
  • Spawn Location: 5:00

VOD

Have the link to the VOD?

Description

Time

  • Played on: Oct. 29, 2019, 6:41 p.m.
  • Length: 20:43
Show
View Real Time Build Order
Export as new Build Order

Ratl Terran - Winner!

Build Orders:  

Get SALT Encoding   

  12  0:12  SCV  
  13  0:29  SCV  
  14  0:46  SCV  
  15  1:00  Refinery  
  15  1:08  Supply Depot  
  15  1:38  SCV  
  16  1:40  Supply Depot  
  16  1:47  Supply Depot  
  16  1:55  SCV  
  17  2:05  Barracks  
  17  2:12  SCV  
  17  2:19  Supply Depot  
  18  2:29  SCV  
  19  2:46  SCV  
  20  3:03  SCV  
  21  3:13  Refinery  
  21  3:20  SCV  
  21  3:26  Barracks, Barracks Reactor  
  22  3:38  Orbital Command  
  22  3:50  Engineering Bay  
  22  4:24  Marine x2  
  22  4:28  Factory  
  24  4:49  Marine x2  
  26  4:59  Command Center  
  26  5:07  Factory  
  26  5:09  Barracks Tech Lab  
  26  5:14  Marine  
  26  5:19  Reaper  
  28  5:29  SCV  
  30  5:44  Reaper  
  31  6:04  Reaper  
  31  6:08  Marauder  
  33  6:10  Bunker  
  33  6:25  Bunker  
  33  6:37  Marine  
  33  6:38  Marauder  
  36  6:44  Marine  
  36  6:46  SCV  
  38  6:55  SCV  
  39  7:02  Marine  
  39  7:03  SCV  
  39  7:08  Marauder  
  39  7:09  Marine  
  44  7:12  SCV  
  45  7:25  Factory Tech Lab  
  45  7:27  Marine, Factory Reactor  
  46  7:34  Marine  
  46  7:38  Marauder  
  49  7:40  Terran Infantry Weapons Level 1  
  49  7:45  SCV  
  50  7:57  Reaper  
  50  7:59  Marine  
  52  8:02  SCV  
  52  8:08  Marauder  
  55  8:19  SCV  
  51  8:28  Reaper  
  52  8:36  SCV  
  52  8:37  Marine  
  52  8:38  Marauder  
  56  8:43  Missile Turret  
  56  8:52  SCV, Sensor Tower  
  57  9:09  SCV  
  58  9:16  Cyclone  
  61  9:21  Refinery  
  61  9:26  SCV  
  61  9:28  Supply Depot  
  62  9:31  Supply Depot  
  62  9:32  Supply Depot  
  62  9:58  SCV x2  
  64  10:01  Supply Depot, Cyclone  
  64  10:03  Supply Depot  
  64  10:05  Supply Depot  
  67  10:10  Refinery  
  67  10:15  SCV  
  67  10:16  SCV  
  69  10:32  SCV  
  69  10:33  SCV  
  71  10:46  Cyclone  
  74  11:31  Cyclone  
  74  11:35  SCV  
  74  11:37  Refinery  
  74  11:38  Refinery, Command Center  
  78  11:40  Supply Depot  
  78  11:44  Marine x2  
  80  11:52  SCV  
  80  11:59  Hellion  
  83  12:00  Hellion  
  83  12:09  Marine x2  
  87  12:13  Supply Depot  
  87  12:14  Armory  
  87  12:15  Supply Depot  
  87  12:29  Hellion  
  89  12:30  Hellion  
  89  12:34  Marine x2  
  89  12:39  Terran Infantry Armor Level 1  
  93  12:52  Cyclone  
  93  12:59  Marine x2, Hellion  
  100  13:00  Hellion  
  102  13:28  Starport  
  102  13:29  Hellion  
  104  13:36  Unknown  
  104  13:37  Cyclone, Infernal Pre-Igniter  
  107  13:53  Hellion  
  107  13:59  Hellion  
  111  14:16  Orbital Command  
  111  14:22  Starport  
  111  14:23  Hellion  
  113  14:54  Sensor Tower  
  113  14:56  Stimpack  
  113  15:21  Ghost Academy  
  113  15:23  Command Center  
  107  15:39  Hi-Sec Auto Tracking  
  107  16:08  Supply Depot  
  107  16:09  Supply Depot  
  101  16:10  Supply Depot  
  92  16:23  Refinery  
  92  16:24  Refinery  
  89  16:41  Supply Depot  
  89  16:44  Supply Depot  
  89  16:46  Marine  
  89  16:47  Marine  
  89  16:48  Supply Depot  
  91  16:52  Marauder  
  91  16:57  Unknown, Drilling Claws  
  95  17:02  Thor  
  99  17:11  Marine  
  99  17:14  Supply Depot  
  99  17:17  Reaper  
  99  17:19  Hellion  
  103  17:21  Marauder  
  103  17:28  SCV  
  106  17:41  Reaper  
  106  17:45  SCV, Supply Depot  
  106  17:46  Concussive Shells  
  107  17:51  Marauder  
  107  17:59  Structure Armor  
  108  18:01  Thor  
  108  18:02  SCV, Reaper  
  112  18:19  SCV, Supply Depot  
  113  18:21  Marauder  
  113  18:26  Reaper  
  116  18:36  SCV  
  116  18:41  Marine  
  111  18:51  Supply Depot, Marauder  
  109  19:01  Thor  
  107  19:21  Starport Reactor  
  107  19:23  Starport Tech Lab  
  107  19:28  Hellion  
  107  19:29  Hellion  
  109  19:36  Marine x2  
  110  19:41  Marauder  
  112  19:58  Hellion  
  112  19:59  Hellion  
  116  20:01  Marine x2  
  124  20:11  Marauder  
  126  20:37  Unknown  
Tags
 
Matchup
Co-op
Add a new tag
Caveats
  • Supply blocks, unpowered buildings, or Contaminate may cause inaccurate times.
  • Supply counts are checked every 10 seconds.